 Seeded DCSS version 0.31-a0-1074-g0b22e4e0f1 (webtiles) character file.

Game seed: 9698261311993447001 (custom seed)

10649 croobank the Blocker (level 11, 0/92 HPs)
             Began as a Gnoll Fighter on Nov 26, 2023.
             Was a Believer of Ashenzari.
             Slain by a two-headed ogre
             ... wielding a +0 giant spiked club
              (22 damage)
             ... on level 10 of the Dungeon.
             The game lasted 00:29:27 (9630 turns).

croobank the Blocker (Gnoll Fighter)                Turns: 9630, Time: 00:29:29

Health: 0/92       AC: 11    Str: 20    XL:     11   Next: 65%
Magic:  22/22      EV: 12    Int:  8    God:    Ashenzari [**....]
Gold:   290        SH:  8    Dex: 11    Spells: 24/25 levels left

rFire   + . .        h - +8 lance "Wyrmbane" {slay drac, rPois rF+ rC+ AC+3, Self, Cun} (curse)
rCold   + . .        c - +2 buckler "I Knew You'd Do That" {Fort, Cun} (curse)
rNeg    . . .        b - +0 scale mail
rPois   +            M - melded +0 helmet
rElec   .            (cloak currently unavailable)
rCorr   .            (gloves currently unavailable)
SInv    +            (boots currently unavailable)
Will    .....        (no amulet)
Stlth   ++           E - ring "Ruined Together" {SInv, Melee, Bglg} (curse)
HPRegen 0.35/turn    (no ring)
MPRegen 0.18/turn

%: no passive effects
@: beast-form
A: beast (slay +3), fangs 1, strong nose, distributed training
a: Begin Untransformation, Renounce Religion, Curse Item, Shatter the Chains


You were on level 10 of the Dungeon.
You worshipped Ashenzari.
Ashenzari was pleased with you.
You were a hulking beast.
You visited 2 branches of the dungeon, and saw 11 of its levels.
You also visited: Bailey.

You collected 518 gold pieces.
You spent 228 gold pieces at shops.

Inventory:

Hand Weapons
 a - a +0 trident
 g - a +0 short sword of holy wrath
 h - the cursed +8 lance "Wyrmbane" (weapon) {slay drac, rPois rF+ rC+ AC+3, Self, Cun}
   (You took it off a kobold on level 3 of the Dungeon)

   AC+3:      It affects your AC (+3).
   rF+:       It protects you from fire.
   rC+:       It protects you from cold.
   rPois:     It protects you from poison It has a curse which improves the
   following skills: Introspection: Fighting and Spellcasting.
   Cunning:   Dodging and Stealth.
 r - a +0 heavy trident
 G - a +0 broad axe
 H - a +1 hand cannon of draining
Missiles
 m - 42 poisoned darts
 u - 18 boomerangs (quivered)
 v - 2 atropa-tipped darts
 w - 5 javelins
 A - 5 throwing nets
 O - a curare-tipped dart
Armour
 b - a +0 scale mail (worn)
 c - the cursed +2 buckler "I Knew You'd Do That" (worn) {Fort, Cun}

   It has a curse which improves the following skills: Fortitude: Armour and
   Shields.
   Cunning:   Dodging and Stealth.
 n - a +0 ring mail
 M - a +0 helmet (melded)
 P - +0 ice dragon scales
Jewellery
 E - the cursed ring "Ruined Together" (left hand) {SInv, Melee, Bglg}
   (You found it on level 8 of the Dungeon)

   [ring of see invisible]

   SInv:      It lets you see invisible.
   It has a curse which improves the following skills: Melee Combat: Short
   Blades, Long Blades, Axes, Maces & Flails, Polearms, Staves and Unarmed
   Combat.
   Beguiling: Conjurations, Hexes and Translocations.
Talismans
 o - a beast talisman (active)
 K - a serpent talisman
Wands
 B - a wand of roots (19)
Scrolls
 i - a scroll of poison
 p - 6 scrolls of identify
 s - 2 scrolls of teleportation
 t - 4 scrolls of revelation
 y - a scroll of brand weapon
 D - a scroll of fog
 F - a scroll of immolation
 I - 4 scrolls of amnesia
 N - a scroll of silence
Potions
 d - 2 potions of haste
 e - a potion of attraction
 f - 5 potions of enlightenment
 j - 4 potions of curing
 k - 5 potions of lignification
 l - 2 potions of magic
 q - a potion of invisibility
 x - 6 potions of heal wounds
 z - 2 potions of mutation
 C - a potion of berserk rage
 J - 2 potions of brilliance
 L - 2 potions of resistance
 Q - a potion of ambrosia


   Skills:
 + Level 9.4(10.5) Fighting
 + Level 6.6(7.8) Short Blades
 + Level 6.6(7.8) Long Blades
 + Level 6.6(7.8) Axes
 + Level 6.6(7.8) Maces & Flails
 + Level 8.1(9.3) Polearms
 + Level 6.6(7.8) Staves
 + Level 6.6 Ranged Weapons
 + Level 6.6 Throwing
 + Level 9.4(10.5) Armour
 + Level 6.6(8.4) Dodging
 + Level 6.6(8.4) Stealth
 + Level 9.4(10.5) Shields
 + Level 6.6(7.8) Unarmed Combat
 + Level 6.6(7.8) Spellcasting
 + Level 5.5(6.6) Conjurations
 + Level 5.5(6.6) Hexes
 + Level 5.5 Summonings
 + Level 5.5 Necromancy
 + Level 5.5(6.6) Translocations
 + Level 5.5 Transmutations
 + Level 5.5 Fire Magic
 + Level 5.5 Ice Magic
 + Level 5.5 Air Magic
 + Level 5.5 Earth Magic
 + Level 5.5 Poison Magic
 + Level 7.2 Invocations
 + Level 6.6 Evocations
 + Level 6.0 Shapeshifting


You had 24 spell levels left.
You knew the following spells:

 Your Spells              Type           Power      Damage    Failure   Level
a - Slow                  Hex            52%        N/A       3%          1

Your spell library contained the following spells:

 Spells                   Type           Power      Damage    Failure   Level
 Magic Dart               Conj           52%        1d5       3%          1
 Blink                    Tloc           26%        N/A       5%          2
 Lesser Beckoning         Tloc           26%        N/A       5%          2
 Momentum Strike          Conj/Tloc      26%        3d8       5%          2
 Call Imp                 Summ           22%        N/A       9%          2
 Confusing Touch          Hex            13%        N/A       11%         3
 Sigil of Binding         Hex            13%        N/A       11%         3
 Stone Arrow              Conj/Erth      24%        3d8       13%         3
 Mephitic Cloud           Conj/Pois/Air  12%        N/A       14%         3
 Ozocubu's Armour         Ice            11%        N/A       17%         3
 Vampiric Draining        Necr           11%        2d6       17%         3
 Animate Armour           Summ/Erth      22%        N/A       50%         4
 Metabolic Englaciation   Hex/Ice        6%         N/A       77%         5
 Borgnjor's Vile Clutch   Necr/Erth      5%         N/A       83%         5
 Simulacrum               Ice/Necr       5%         N/A       100%        6
 Lehudib's Crystal Spear  Conj/Erth      6%         10d3      100%        8


Dungeon Overview and Level Annotations

Branches:
Dungeon (10/15)            Temple (1/1) D:5            Lair (0/5) D:8
 Bailey (visited)
    Orc: D:9-12

Altars:
Ashenzari
Cheibriados
Dithmenos
Elyvilon
Fedhas
Gozag
Hepliaklqana
Kikubaaqudgha
Makhleb
Nemelex Xobeh
Okawaru
Qazlal
Ru
Sif Muna
Trog
Uskayaw
Vehumet
Wu Jian
Xom
Yredelemnul
Zin
The Shining One

Shops:
D:2 ?   D:6 [   D:8 :

Annotations:
D:3 4 runed translucent doors, Crazy Yiuf; bmb222's ghost, weakling OpSh; justen's ghost, amateur MfSh
D:7 3 runed translucent doors


Innate Abilities, Weirdness & Mutations

You are a hulking beast.
Your limbs bulge with bestial killing power. (Slay +3)
You have very sharp teeth.
Your uncanny sense of smell can sniff out nearby items.
Your experience applies equally to all skills.


Message History

The boomerang barely misses the two-headed ogre.
Throw: 19 boomerangs
Press: ? - help, Q - select action, (/) - cycle Shift-Dir - straight line, f/p - two-headed ogre
Aim: a two-headed ogre, wielding a +0 giant spiked club and a +0 giant club (lightly wounded, 79% to hit)
You throw a boomerang.
The boomerang hits the two-headed ogre and shatters for extra damage.
The two-headed ogre is lightly wounded.
Throw: 18 boomerangs
Press: ? - help, Q - select action, (/) - cycle Shift-Dir - straight line, f/p - two-headed ogre
Aim: a two-headed ogre, wielding a +0 giant spiked club and a +0 giant club (lightly wounded, 79% to hit)
You throw a boomerang.
The boomerang closely misses the two-headed ogre.
A hornet comes into view.
Reach: h) +8 lance "Wyrmbane" {slay drac, rPois rF+ rC+ AC+3, Self, Cun} (curse)
Press: ? - help, Dir - move target, f - you, p - two-headed ogre
Okay, then.
Aiming: Fastroot
Press: ? - help, Shift-Dir - straight line, p - two-headed ogre The roots erupt in riotous growth!
Roots grab the two-headed ogre.
The hornet buzzes angrily.
The grasping roots constrict the two-headed ogre!
The two-headed ogre struggles to escape constriction.
The grasping roots constrict the two-headed ogre!
The two-headed ogre escapes!
You puncture the two-headed ogre! You bite the two-headed ogre.
The two-headed ogre is heavily wounded.
The two-headed ogre hits you with a +0 giant spiked club!
The two-headed ogre hits you with a +0 giant club!!
A shadow comes into view.
You puncture the two-headed ogre!
You bite the two-headed ogre, but do no damage.
The two-headed ogre is severely wounded.
You puncture the two-headed ogre!
You bite the two-headed ogre, but do no damage.
The two-headed ogre is almost dead.
The two-headed ogre hits you with a +0 giant spiked club!!
* * * LOW HITPOINT WARNING * * *
The two-headed ogre hits you with a +0 giant club!!
You die...

#......#####.......
#......##..........
#......##.##.......
#.........##.......
#......#####.......
##.##### #.......
#.# ##<##### ##.#
#. #.h# # #O## #y
#W .. .. ... ...


You could see a two-headed ogre, a hornet and a shadow.

Vanquished Creatures
  Josephine (D:10)
  Harold (D:9)
  Pikel (D:4)
  Joseph (D:8)
  Psyche (D:10)
  A troll (D:10)
  8 wraiths
  Sigmund (D:5)
  9 yaks
  A wyvern (D:8)
  A basilisk (D:8)
  2 steam dragons
  An acid dragon (D:8)
  4 water moccasins
  Duvessa (D:4)
  5 sky beasts
  3 ice beasts
  7 orc warriors
  2 ogres (D:5)
  3 centaurs
  4 lemures (D:4)
  2 phantoms
  3 bullfrogs (D:8)
  Blork the orc (D:6)
  3 kobold brigands
  A gnoll sergeant (D:10)
  2 scorpions
  3 wights (D:8)
  Dowan (D:4)
  10 killer bees
  2 howler monkeys
  5 hounds
  3 jellies
  A gnoll bouda (D:8)
  2 orc priests
  Jessica (D:2)
  Ijyb (D:4)
  Natasha (thrice) (D:2)
  Terence (D:3)
  2 iguanas
  3 sleepcaps
  6 orc wizards
  4 gnolls (D:10)
  4 adders
  A shadow imp (D:6)
  3 white imps
  2 ufetubi (D:6)
  4 dart slugs
  32 orcs
  7 ball pythons
  3 bats (D:1)
  4 endoplasms
  4 giant cockroaches
  13 goblins
  9 hobgoblins
  A frilled lizard (D:1)
  32 kobolds
  4 rats (D:1)
241 creatures vanquished.

Notes
Turn   | Place    | Note
-------+----------+-------------------------------------------
     0 | D:1      | croobank the Gnoll Fighter began the quest for the Orb.
     0 | D:1      | Reached XP level 1. HP: 23/23 MP: 1/1
    56 | D:1      | Reached XP level 2. HP: 29/29 MP: 2/2
   201 | D:1      | Reached XP level 3. HP: 35/35 MP: 3/3
   565 | D:2      | Noticed Jessica
   583 | D:2      | Killed Jessica
   584 | D:2      | Reached skill level 1 in Short Blades
   584 | D:2      | Reached skill level 1 in Long Blades
   584 | D:2      | Reached skill level 1 in Axes
   584 | D:2      | Reached skill level 1 in Maces & Flails
   584 | D:2      | Reached skill level 1 in Staves
   584 | D:2      | Reached skill level 1 in Ranged Weapons
   584 | D:2      | Reached skill level 1 in Throwing
   584 | D:2      | Reached skill level 1 in Dodging
   584 | D:2      | Reached skill level 1 in Stealth
   584 | D:2      | Reached skill level 1 in Unarmed Combat
   584 | D:2      | Reached skill level 1 in Spellcasting
   584 | D:2      | Reached skill level 1 in Invocations
   584 | D:2      | Reached skill level 1 in Evocations
   584 | D:2      | Reached XP level 4. HP: 38/41 MP: 5/5
   585 | D:2      | Reached skill level 1 in Shapeshifting
   906 | D:3      | Reached skill level 1 in Conjurations
   906 | D:3      | Reached skill level 1 in Hexes
   906 | D:3      | Reached skill level 1 in Summonings
   906 | D:3      | Reached skill level 1 in Necromancy
   906 | D:3      | Reached skill level 1 in Translocations
   906 | D:3      | Reached skill level 1 in Transmutations
   906 | D:3      | Reached skill level 1 in Fire Magic
   906 | D:3      | Reached skill level 1 in Ice Magic
   906 | D:3      | Reached skill level 1 in Air Magic
   906 | D:3      | Reached skill level 1 in Earth Magic
   906 | D:3      | Reached skill level 1 in Poison Magic
  1173 | D:3      | Found a runed translucent gate.
  1173 | D:3      | Found a runed translucent gate.
  1173 | D:3      | Found a runed translucent gate.
  1177 | D:3      | Noticed justen's ghost (amateur MfSh)
  1177 | D:3      | Noticed bmb222's ghost (weakling OpSh)
  1487 | D:3      | Found a runed translucent door.
  1488 | D:3      | Noticed Crazy Yiuf
  1569 | D:2      | Reached XP level 5. HP: 47/47 MP: 6/6
  1638 | D:2      | Found Xeveti's Magic Scroll Boutique.
  1651 | D:2      | Bought a scroll of identify for 28 gold pieces
  1651 | D:2      | Bought a scroll of identify for 28 gold pieces
  1651 | D:2      | Bought a scroll of identify for 28 gold pieces
  1791 | D:2      | Noticed Natasha
  1796 | D:2      | Killed Natasha
  1918 | D:2      | Found a glowing silver altar of Zin.
  2003 | D:2      | Noticed Natasha
  2009 | D:2      | Killed Natasha
  2173 | D:2      | Noticed Natasha
  2176 | D:2      | Killed Natasha
  2250 | D:3      | Noticed Terence
  2256 | D:3      | Killed Terence
  2257 | D:3      | Reached XP level 6. HP: 53/53 MP: 8/8
  2422 | D:4      | Noticed an ice beast
  2427 | D:4      | Killed an ice beast
  2428 | D:4      | Reached skill level 5 in Polearms
  2607 | D:4      | Noticed Pikel
  2635 | D:4      | Killed Pikel
  2636 | D:4      | Reached XP level 7. HP: 44/60 MP: 9/11
  2704 | D:4      | Noticed Ijyb
  2710 | D:4      | Killed Ijyb
  2763 | D:4      | Reached XP level 8. HP: 61/67 MP: 12/12
  2886 | D:4      | Noticed Dowan
  2888 | D:4      | Noticed Duvessa
  2889 | D:4      | Killed Dowan
  2896 | D:4      | Killed Duvessa
  3323 | D:5      | Entered Level 5 of the Dungeon
  3637 | D:5      | Noticed Sigmund
  3646 | D:5      | Killed Sigmund
  3651 | D:5      | Reached XP level 9. HP: 60/73 MP: 14/14
  3764 | D:5      | Identified the +4 leather armour "Vooloust" {Rampage +Inv
                  | Str-3 Stlth+}
  4017 | D:5      | Found a staircase to the Ecumenical Temple.
  4165 | Temple   | Entered the Ecumenical Temple
  4303 | D:6      | Noticed Blork the orc
  4306 | D:6      | Killed Blork the orc
  4799 | D:6      | Reached skill level 5 in Invocations
  4895 | D:6      | Found Zisobas's Antique Armour Boutique.
  5098 | Temple   | Became a worshipper of Ashenzari the Shackled
  5223 | D:7      | Found a runed translucent gate.
  5223 | D:7      | Found a runed translucent gate.
  5224 | D:7      | Found a runed translucent gate.
  5224 | D:7      | Noticed a polar bear
  5334 | D:7      | Learned a level 1 spell: Slow
  5362 | D:7      | Found an opulent altar of Gozag.
  5568 | D:7      | Found the +11 plutonium sword {Contam Stlth-}
  5577 | D:7      | Found a snail-covered altar of Cheibriados.
  5928 | D:8      | Reached XP level 10. HP: 57/82 MP: 17/17
  6001 | D:8      | Noticed Joseph
  6017 | D:8      | Killed Joseph
  6018 | D:8      | Reached skill level 5 in Short Blades
  6018 | D:8      | Reached skill level 5 in Long Blades
  6018 | D:8      | Reached skill level 5 in Axes
  6018 | D:8      | Reached skill level 5 in Maces & Flails
  6018 | D:8      | Reached skill level 5 in Staves
  6018 | D:8      | Reached skill level 5 in Ranged Weapons
  6018 | D:8      | Reached skill level 5 in Throwing
  6018 | D:8      | Reached skill level 5 in Dodging
  6018 | D:8      | Reached skill level 5 in Stealth
  6018 | D:8      | Reached skill level 5 in Unarmed Combat
  6018 | D:8      | Reached skill level 5 in Spellcasting
  6018 | D:8      | Reached skill level 5 in Evocations
  6511 | D:8      | Found a staircase to the Lair.
  6567 | D:8      | Reached skill level 5 in Shapeshifting
  6603 | D:8      | Found Ytozu's Tiny Tomes.
  6624 | D:8      | Found a flagged portal.
  6643 | Bailey   | Entered a bailey
  7420 | D:8      | Bought the Book of the Caves for 144 gold pieces
  7433 | D:8      | Reached * piety under Ashenzari
  7940 | D:8      | Reached XP level 11. HP: 87/90 MP: 21/21
  8127 | D:9      | Reached ** piety under Ashenzari
  8160 | D:9      | Reached skill level 5 in Conjurations
  8160 | D:9      | Reached skill level 5 in Hexes
  8160 | D:9      | Reached skill level 5 in Summonings
  8160 | D:9      | Reached skill level 5 in Necromancy
  8160 | D:9      | Reached skill level 5 in Translocations
  8160 | D:9      | Reached skill level 5 in Transmutations
  8160 | D:9      | Reached skill level 5 in Fire Magic
  8160 | D:9      | Reached skill level 5 in Ice Magic
  8160 | D:9      | Reached skill level 5 in Air Magic
  8160 | D:9      | Reached skill level 5 in Earth Magic
  8160 | D:9      | Reached skill level 5 in Poison Magic
  8237 | D:9      | Noticed Harold
  8449 | D:9      | Killed Harold
  8757 | D:10     | Entered Level 10 of the Dungeon
  8779 | D:10     | Noticed Psyche
  8826 | D:9      | Identified the cursed +2 buckler "I Knew You'd Do That"
                  | {Fort, Cun}
  8826 | D:9      | Identified the cursed ring "Ruined Together" {SInv, Melee,
                  | Bglg} (You found it on level 8 of the Dungeon)
  8841 | D:10     | Killed Psyche
  9210 | D:10     | Noticed Josephine
  9388 | D:10     | Killed Josephine
  9621 | D:10     | Noticed a two-headed ogre
  9630 | D:10     | Slain by a two-headed ogre

Illustrated notes

Levels and vault maps discovered:
D:1:      eino_arrival_tree_alley, layout_rooms
D:2:      layout_loops_cross, serial_shops, shop, basic_altar, uniq_jessica,
          uniq_natasha
D:3:      layout_loops_ring, gammafunk_ghost_cemetery, uniq_terence,
          uniq_crazy_yiuf_cottage
D:4:      cheibrodos_old_hovel, layout_basic, minmay_misc_feat_enclosed,
          uniq_ijyb, uniq_duvessa, uniq_pikel
D:5:      layout_basic, minmay_temple_entry_statues_fountains, uniq_sigmund
D:6:      layout_basic, serial_shops, kennysheep_mini_moat,
          minmay_strange_pillars, st_stairs_1, uniq_blork_the_orc
D:7:      lemuel_bear_cage, layout_basic, mainiacjoe_overflow_catch_the_wave
D:8:      layout_basic, minmay_lair_entry_grove, enter_bailey_5,
          nicolae_shop_i_like_small_books_too, uniq_joseph
D:9:      layout_rooms, nicolae_elevator_lobby_asterisk, uniq_harold
D:10:     layout_roguey, serial_glass, glass_columns_b, glass_columns_a,
          uniq_josephine, uniq_psyche
Temple:   mainiacjoe_temple_cubbyholes

Skill      XL: |  1  2  3  4  5  6  7  8  9 10 11 |
---------------+----------------------------------+-----
Short Blades   | 1 2 3 4 5 6 |  6.6
Long Blades    | 1 2 3 4 5 6 |  6.6
Axes           | 1 2 3 4 5 6 |  6.6
Maces & Flails | 1 2 3 4 5 6 |  6.6
Staves         | 1 2 3 4 5 6 |  6.6
Ranged Weapons | 1 2 3 4 5 6 |  6.6
Throwing       | 1 2 3 4 5 6 |  6.6
Dodging        | 1 2 3 4 5 6 |  6.6
Stealth        | 1 2 3 4 5 6 |  6.6
Unarmed Combat | 1 2 3 4 5 6 |  6.6
Spellcasting   | 1 2 3 4 5 6 |  6.6
Invocations    | 1 2 3 4 5 6 7 |  7.2
Evocations     | 1 2 3 4 5 6 |  6.6
Shapeshifting  | 1 2 3 4 5 6 |  6.0
Conjurations   | 1 2 3 4 5 |  5.5
Hexes          | 1 2 3 4 5 |  5.5
Summonings     | 1 2 3 4 5 |  5.5
Necromancy     | 1 2 3 4 5 |  5.5
Translocations | 1 2 3 4 5 |  5.5
Transmutations | 1 2 3 4 5 |  5.5
Fire Magic     | 1 2 3 4 5 |  5.5
Ice Magic      | 1 2 3 4 5 |  5.5
Air Magic      | 1 2 3 4 5 |  5.5
Earth Magic    | 1 2 3 4 5 |  5.5
Poison Magic   | 1 2 3 4 5 |  5.5
Polearms       | 5 6 7 8 |  8.1
Fighting       | 7 8 9 |  9.4
Armour         | 7 8 9 |  9.4
Shields        | 7 8 9 |  9.4

Action                     |  1- 3 |  4- 6 |  7- 9 | 10-12 || total
---------------------------+-------+-------+-------+-------++-------
  Melee: Trident           |    66 |    56 |       |       ||   122
         Bite              |     2 |    14 |    10 |    39 ||    65
         Lance             |       |    84 |   201 |   340 ||   625
  Throw: Javelin           |       |     5 |    10 |       ||    15
         Boomerang         |       |       |     5 |    16 ||    21
   Cast: Slow              |       |       |       |     3 ||     3
 Invoke: Curse Item        |       |       |     1 |     2 ||     3
  Evoke: Wand              |       |       |     4 |    10 ||    14
    Use: Potion            |     1 |       |       |       ||     1
         Scroll            |       |     5 |     9 |     5 ||    19
   Stab: Sleeping          |       |       |       |     4 ||     4
 Armour: Scale mail        |    30 |    55 |    85 |   119 ||   289
  Dodge: Dodged            |    19 |    41 |    59 |    96 ||   215
  Block: Buckler           |    20 |    23 |    38 |    69 ||   150
   Form: Beast             |       |     1 |       |     1 ||     2
                           |       |       |       |     1 ||     1

Table legend: (Time is in decaauts)
 A = Elapsed time spent in this place.
 B = Non-inter-level travel time spent in this place.
 C = Inter-level travel time spent in this place.
 D = Time resting spent in this place.
 E = Time spent auto-exploring this place.
 F = Levels seen in this place.
 G = Mean time per level.
                   A        B        C        D        E       F      G
               +--------+--------+--------+--------+--------+-----+--------+
         Total |   9538 |   8909 |    629 |   1696 |   5138 |  12 |  794.8 |
       Dungeon |   8670 |   8154 |    516 |   1349 |   4926 |  10 |  867.0 |
        Temple |    115 |      2 |    113 |      0 |      0 |   1 |  115.0 |
        Bailey |    753 |    753 |      0 |    347 |    212 |   1 |  753.0 |
               +--------+--------+--------+--------+--------+-----+--------+

Top non-repeatable levels by time:
     D:8: 1333 daAuts
     D:3: 1154 daAuts
     D:4: 907 daAuts
     D:5: 894 daAuts
     D:6: 849 daAuts
     D:2: 839 daAuts
    D:10: 809 daAuts
     D:9: 783 daAuts
  Bailey: 753 daAuts
     D:7: 668 daAuts
     D:1: 429 daAuts
  Temple: 115 daAuts
